 Dungeon Crawl Stone Soup version 0.26-a0-540-g8a0c9464d7 (webtiles) character file.

Game seed: 13735321732338845578

123 Inarius the Chopper (level 5, -1/42 HPs)
             Began as a Ghoul Gladiator on Aug 23, 2020.
             Slain by a worm (7 damage)
             ... on level 3 of the Dungeon.
             The game lasted 00:01:24 (1532 turns).

Inarius the Chopper (Ghoul Gladiator)               Turns: 1532, Time: 00:01:25

Health: -1/42      AC:  6    Str: 18    XL:     5   Next: 7%
Magic:  4/4        EV: 11    Int:  4    God:
Gold:   158        SH:  0    Dex: 10    Spells: 4/4 levels left

rFire    . . .     SeeInvis .   f - +4 hand axe (flame)
rCold    + . .     Faith    .   (no shield)
rNeg     + + +     Spirit   .   g - +0 ring mail
rPois    ∞         Reflect  .   c - +0 helmet
rElec    .         Harm     .   (no cloak)
rCorr    .                      (no gloves)
MR       .....                  (no boots)
Stlth    ..........             (no amulet)
HPRegen  0.00/turn              (no ring)
MPRegen  0.09/turn              (no ring)

@: flying
A: rotting body, claws 1, cold resistance 1, negative energy resistance 3,
inhibited regeneration, torment resistance, unbreathing
a: no special abilities


You were on level 3 of the Dungeon.
You visited 1 branch of the dungeon, and saw 3 of its levels.

You collected 158 gold pieces.

Inventory:

Hand Weapons
 a - a +0 war axe
 f - a +4 hand axe of flaming (weapon)
Missiles
 d - 3 throwing nets (quivered)
Armour
 c - a +0 helmet (worn)
 g - a +0 ring mail (worn)
Scrolls
 b - a scroll of fog {unknown}
 e - a scroll of amnesia {unknown}
 h - 6 scrolls of teleportation {unknown}
 k - a scroll of identify {unknown}
 n - 2 scrolls of blinking {unknown}
 o - a scroll of enchant weapon {unknown}
 p - a scroll of remove curse
 q - a scroll of enchant armour {unknown}
Potions
 i - a potion of flight
 j - a potion of degeneration {unknown}
 l - a potion of brilliance {unknown}
 m - a potion of curing {unknown}


   Skills:
 + Level 2.5 Fighting
 * Level 4.6 Axes
 - Level 1.7 Throwing
 * Level 1.4 Armour
 - Level 2.6 Dodging


You had 4 spell levels left.
You didn't know any spells.
Your spell library was empty.

Dungeon Overview and Level Annotations

Branches:
Dungeon (3/15)

Altars:


Innate Abilities, Weirdness & Mutations

Your body is rotting away.
You thrive by killing the living.
You are immune to poison.
You have sharp fingernails.
Your flesh is cold resistant. (rC+)
You are immune to negative energy. (rN+++)
You do not regenerate when monsters are visible.
You are immune to unholy pain and torment.
You can survive without breathing.


Message History

You are too injured to fight recklessly!
You are too injured to fight recklessly!
You are too injured to fight recklessly!
You are too injured to fight recklessly!
You are too injured to fight recklessly!
You are too injured to fight recklessly!
You are too injured to fight recklessly!
You are too injured to fight recklessly!
Unknown command.
You hit the centaur. You burn the centaur.
The centaur is moderately wounded.
You hit the worm but do no damage.
The centaur unwields a +0 shortbow.
The centaur hits you.
* * * LOW HITPOINT WARNING * * *
The worm bites you.
* * * LOW HITPOINT WARNING * * *
It was a potion of flight.
You feel very buoyant.
You fly up into the air.
The centaur misses you. The worm bites you!
You die...

.$ ....####
..##... #.#... .
##.#..### #.#
..(.... ....
#.#..# .....
...####.#..#......
.......<()@w......
.#######..c#......
#.....#....
#.##### ### #.#
#.# #.. ###


You could see a centaur and a worm.

Vanquished Creatures
  A centaur skeleton (D:2)
  3 gnolls (D:2)
  An adder (D:2)
  An ooze (D:2)
  2 worms (D:2)
  A dart slug (D:2)
  3 leopard geckos
  An orc (D:2)
  A giant cockroach (D:2)
  4 hobgoblins
  7 jackals
  A quokka (D:2)
  2 bats (D:1)
  5 frilled lizards
  6 goblins
  A kobold (D:2)
  2 rats (D:2)
42 creatures vanquished.

Notes
Turn   | Place    | Note
-------+----------+-------------------------------------------
     0 | D:1      | Inarius the Ghoul Gladiator began the quest for the Orb.
     0 | D:1      | Reached XP level 1. HP: 17/17 MP: 0/0
   166 | D:1      | Reached skill level 3 in Axes
   182 | D:1      | Reached XP level 2. HP: 24/24 MP: 1/1
   819 | D:2      | Reached XP level 3. HP: 30/30 MP: 2/2
   866 | D:2      | Reached skill level 1 in Armour
   954 | D:2      | Reached skill level 4 in Axes
   954 | D:2      | Reached XP level 4. HP: 32/37 MP: 3/3
  1370 | D:2      | Reached XP level 5. HP: 42/42 MP: 4/4
  1524 | D:3      | Noticed a centaur
  1532 | D:3      | Slain by a worm

Illustrated notes

Levels and vault maps discovered:
D:1:      nicolae_arrival_memento_mori, layout_basic, minmay_misc_feat_room,
          minmay_misc_feat_five
D:2:      layout_loops_ring
D:3:      lemuel_upstairs_altar, layout_basic, elyvilon_altar_1

Skill      XL: |  1  2  3 |
---------------+----------+-----
Axes           | 3 4 |  4.6
Armour         | 1 |  1.4
Fighting       | |  2.5
Throwing       | |  1.7
Dodging        | |  2.6

Action                   |  1- 3 |  4- 6 || total
-------------------------+-------+-------++-------
Melee: War axe           |    12 |       ||    12
       Hand axe          |    31 |    46 ||    77
  Use: Scroll            |     1 |       ||     1
       Potion            |       |     1 ||     1
Armor: Leather armour    |     3 |       ||     3
       Ring mail         |     8 |    20 ||    28
Dodge: Dodged            |    23 |    26 ||    49

Table legend: (Time is in decaauts)
 A = Elapsed time spent in this place.
 B = Non-inter-level travel time spent in this place.
 C = Inter-level travel time spent in this place.
 D = Time resting spent in this place.
 E = Time spent auto-exploring this place.
 F = Levels seen in this place.
 G = Mean time per level.
                   A        B        C        D        E       F      G
               +--------+--------+--------+--------+--------+-----+--------+
         Total |   1542 |   1508 |     34 |     43 |   1240 |   3 |  514.0 |
       Dungeon |   1542 |   1508 |     34 |     43 |   1240 |   3 |  514.0 |
               +--------+--------+--------+--------+--------+-----+--------+

Top non-repeatable levels by time:
     D:1: 795 daAuts
     D:2: 738 daAuts
     D:3: 7 daAuts
